 Dungeon Crawl Stone Soup version 0.18.1-6-gd335043 (webtiles) character file.

61 Jerry the Skirmisher (level 3, 0/46 HPs)
             Began as a Demigod Fighter on May 17, 2016.
             Succumbed to an adder's poison
             ... on level 2 of the Dungeon.
             The game lasted 00:03:52 (1290 turns).

Jerry the Skirmisher (Demigod Fighter)              Turns: 1290, Time: 00:03:52

Health: 0/46       AC: 21    Str: 19    XL:     3   Next: 58%
Magic:  5/5        EV:  2    Int: 12    God:
Gold:   101        SH:  9    Dex: 15    Spells: 0 memorised, 2 levels left

rFire  + . .     SeeInvis .     a - +0 flail
rCold  + . .     Gourm    .     (armour currently unavailable)
rNeg   + + +     Faith    .     c - +0 shield
rPois  +         Spirit   .     (helmet currently unavailable)
rElec  +         Dismiss  .     (cloak currently unavailable)
rCorr  +         Reflect  .     (gloves currently unavailable)
SustAt +         Harm     .     (boots currently unavailable)
MR     .....     NoTele   +     (no amulet)
Stlth  +.........               p - -2 ring of strength (curse)
                                i - ring of resist corrosion

@: lethally poisoned (0 -> -7), tree-form, resistant, not resistant to hostile
enchantments, very unstealthy
A: high mp 1, sustain attributes
a: no special abilities


You were on level 2 of the Dungeon.
You were hungry.
You were a tree.
You visited 1 branch of the dungeon, and saw 2 of its levels.

You collected 101 gold pieces.

Inventory:

Hand Weapons
 a - a +0 flail (weapon)
Armour
 b - a +0 scale mail (melded)
 c - a +0 shield (worn)
Jewellery
 i - a ring of resist corrosion (left branch)
 p - a cursed -2 ring of strength (right branch)
 s - an uncursed ring of ice
Scrolls
 e - 2 scrolls of remove curse {unknown}
 g - a scroll of teleportation {unknown}
 j - 2 scrolls of enchant armour {unknown}
 k - a scroll of fog {unknown}
 n - a scroll of identify {unknown}
 t - a scroll of enchant weapon {unknown}
Potions
 d - 2 potions of might
 o - a potion of ambrosia {unknown}
 r - a potion of curing {unknown}
Comestibles
 f - 2 bread rations
 h - a beef jerky


   Skills:
 + Level 3.3 Fighting
 + Level 2.4 Maces & Flails
 + Level 3.0 Armour
 + Level 3.1 Shields


You had 2 spell levels left.
You didn't know any spells.

Dungeon Overview and Level Annotations

Branches:
Dungeon (2/15)


Innate Abilities, Weirdness & Mutations

You have an increased reservoir of magic (+10% MP).
Your attributes are resistant to harm.


Message History

The adder is almost dead.
You block the adder's attack. The adder bites you but does no damage.
You hit the adder.
The adder is almost dead.
* * * LOW HITPOINT WARNING * * *
You feel sick. The adder bites you.
* * * LOW HITPOINT WARNING * * *
You are more poisoned.
The adder poisons you!
Drink which item? (? for menu, Esc to quit)
It was a potion of lignification.
You turn into a tree.
Your +0 scale mail melds into your body.
Your roots penetrate the ground.
* * * LOW HITPOINT WARNING * * *
You feel sick. You block the adder's attack. The adder bites you.
* * * LOW HITPOINT WARNING * * *
Drink which item? (? for menu, Esc to quit)
It was a potion of resistance.
You feel protected.
You die...

###.#######
###.# #.#
.(..# #.#
.#### #.#
..###### #.#
#......# #.#
..####.## #.#
.## #..## #S#
)#
##.#.#######♣#
.#
#.###........#
.#
##.#.#########
.# #..## ##
#..# ######..#
...)....#
#######.#
#######.#


You could see an adder.

Vanquished Creatures
  2 adders (D:2)
  A dart slug (D:1)
  A giant gecko (D:1)
  5 bats
  3 giant cockroaches
  5 goblins (D:1)
  4 hobgoblins
  5 jackals
  3 kobolds (D:1)
  A quokka (D:2)
  A ball python (D:1)
  A giant newt (D:2)
  3 rats (D:1)
35 creatures vanquished.

Notes
Turn   | Place    | Note
--------------------------------------------------------------
     0 | D:1      | Jerry the Demigod Fighter began the quest for the Orb.
     0 | D:1      | Reached XP level 1. HP: 18/18 MP: 3/3
   339 | D:1      | Reached XP level 2. HP: 23/25 MP: 4/4
   734 | D:1      | Reached XP level 3. HP: 28/31 MP: 5/5
  1015 | D:2      | Found a snail-covered altar of Cheibriados.
  1289 | D:2      | HP: 2/46 [poisoned by an adder]
  1290 | D:2      | Succumbed to an adder's poison

Skill      XL: |  1  2  3 |
---------------+----------+-----
Maces & Flails | 2 |  2.4
Fighting       | 3 |  3.3
Shields        | 3 |  3.1
Armour         | 3 |  3.0

Action                   || total
-------------------------++-------
Melee: Flail             ||   172
  Use: Potion            ||     2
  Eat: Chunk             ||     1
Armor: Scale mail        ||    75
Dodge: Dodged            ||    62
Block: Shield            ||   105
